 Dungeon Crawl Stone Soup version 0.31-a0-345-g1ebeae05c6 (webtiles) character file.

Game seed: 7161500789151241151

353 promet the Magician (level 6, -16/39 HPs)
             Began as an Octopode Hedge Wizard on July 22, 2023.
             Demolished by an ogre
             ... wielding a +0 giant club
              (21 damage)
             ... on level 4 of the Dungeon.
             The game lasted 00:20:20 (6482 turns).

promet the Magician (Octopode Hedge Wizard)         Turns: 6482, Time: 00:20:20

Health: -16/39     AC:  1    Str: 10    XL:     6   Next: 62%
Magic:  10/13      EV: 13    Int: 24    God:
Gold:   204        SH:  0    Dex: 11    Spells: 5/14 levels left

rFire   . . .        a - +2 executioner's axe (vamp)
rCold   . . .        (shield currently unavailable)
rNeg    . . .        p - +0 hat
rPois   .            q - amulet of the acrobat
rElec   .            n - +6 ring of intelligence
rCorr   .            (no ring)
SInv    .            (no ring)
Will    .....        (no ring)
Stlth   +++          (no ring)
HPRegen 0.26/turn    (no ring)
MPRegen 0.13/turn    (no ring)
                     (no ring)

%: acrobat
@: on blink cooldown
A: almost no armour, amphibious, 8 rings, camouflage 1, gelatinous body 1,
(nimble swimmer 1), tentacles
a: no special abilities


You were on level 4 of the Dungeon.
You visited 1 branch of the dungeon, and saw 4 of its levels.

You collected 312 gold pieces.
You spent 108 gold pieces at shops.

Inventory:

Hand Weapons
 a - a +2 vampiric executioner's axe (weapon)
 b - a +0 sling
 o - a +0 short sword
 r - a +2 dagger of venom
Missiles
 e - 32 stones
Armour
 p - a +0 hat (worn)
Jewellery
 n - a +6 ring of intelligence (left tentacle)
 q - an amulet of the acrobat (around mantle)
Scrolls
 f - 4 scrolls of teleportation
 k - a scroll of fear
 l - a scroll of blinking
Potions
 c - a potion of magic
 d - 2 potions of curing
 i - a potion of cancellation {unknown}
 j - 2 potions of attraction
 m - a potion of haste {unknown}


   Skills:
 * Level 2.1 Fighting
 + Level 1.6 Short Blades
 + Level 0.1 Ranged Weapons
 + Level 2.3 Dodging
 + Level 4.4 Stealth
 + Level 4.7 Spellcasting
 + Level 1.2 Conjurations
 + Level 2.6 Summonings
 + Level 1.0 Translocations


You had 5 spell levels left.
You knew the following spells:

 Your Spells              Type           Power      Damage    Failure   Level
a - Magic Dart            Conj           44%        1d5       5%          1
b - Slow                  Hex            24%        N/A       9%          1
c - Blink                 Tloc           20%        N/A       9%          2
d - Call Imp              Summ           36%        N/A       4%          2
e - Mephitic Cloud        Conj/Pois/Air  7%         N/A       22%         3

Your spell library contained the following spells:

 Spells                   Type           Power      Damage    Failure   Level
 Cigotuvi's Dreadful Rot  Necr/Pois/Air  10%        N/A       14%         2
 Confusing Touch          Hex            6%         N/A       26%         3
 Vampiric Draining        Necr           5%         2d6       26%         3


Dungeon Overview and Level Annotations

Branches:
Dungeon (4/15)
 Temple: D:4-7

Altars:
Fedhas

Shops:
D:1 (   D:2 ?


Innate Abilities, Weirdness & Mutations

You cannot wear most types of armour.
You are amphibious.
You can wear up to eight rings at the same time.
Your skin changes colour to match your surroundings (Stealth+).
Your rubbery body absorbs attacks. (AC +1, EV +1)
((You are camouflaged when in or above water. (Stealth+)))
You have tentacles for arms and can constrict up to eight enemies at once.


Message History

You throw a poisoned dart. The poisoned dart hits the ogre.
The ogre is poisoned.
Throw: 3 darts (poison)
Press: ? - help, Q - select action, (/) - cycle Shift-Dir - straight line, f/p - ogre
Aim: an ogre, wielding a +0 giant club (poisoned, 70% to hit)
You throw a poisoned dart.
The poisoned dart barely misses the ogre.
Throw: 2 darts (poison)
Press: ? - help, Q - select action, (/) - cycle Shift-Dir - straight line, f/p - ogre
Aim: an ogre, wielding a +0 giant club (poisoned, 70% to hit)
You throw a poisoned dart. The poisoned dart hits the ogre.
Throw: dart (poison)
Press: ? - help, Q - select action, (/) - cycle Shift-Dir - straight line, f/p - ogre
Aim: an ogre, wielding a +0 giant club (lightly wounded, poisoned, 70% to hit)
You throw a poisoned dart.
The poisoned dart barely misses the ogre.
Casting: Call Imp (safe; 4% risk of failure)
Confirm with . or Enter, or press ? or * to list all spells.
A tiny devil pulls itself out of the air.
Your cerulean imp hits the ogre from afar with a -3 spear.
You closely miss the ogre.
The ogre is lightly wounded.
The ogre looks more healthy.
The ogre hits you with a +0 giant club!
Your cerulean imp hits the ogre but does no damage.
The ogre hits you with a +0 giant club!!
Ouch! That really hurt!
* * * LOW HITPOINT WARNING * * *
Casting: Call Imp (safe; 4% risk of failure)
Confirm with . or Enter, or press ? or * to list all spells.
You blink.
Your cerulean imp hits the ogre from afar with a -3 spear.
Your cerulean imp hits the ogre but does no damage.
Casting: Blink (safe; 9% risk of failure)
Confirm with . or Enter, or press ? or * to list all spells.
You are still too unstable to blink.
You barely miss the ogre.
The ogre is moderately wounded.
The ogre hits you with a +0 giant club!!
Ouch! That really hurt!
You die...

#.#.#.##................##
###.#............(...[.....# ##
#...#..###.............#...# #.
##.#....##..#...........#...# #.
.....##.##>##....####.......# #.
..#####..#.##....# ##.....## #.
### ##...#.5...# #.....## #. .#
#........#O# #......# #. .#
##.##....##@# #....#.# #. .#
##.....#..##.# #....#.# #.
.####......#.###.# ###.>#)####.
>..........#.# #.# #......##.
.............###.# #.##.#.###
............#....## #..#.#..##
..................## ##........
...[...............########......
.................................


You could see an ogre.

Vanquished Creatures
  A phantom (D:4)
  2 orc priests
  2 iguanas (D:4)
  3 adders
  An ufetubus (D:3)
  2 worms (D:3)
  A dart slug (D:1)
  8 orcs
  4 ball pythons (D:1)
  4 bats
  6 endoplasms (D:1)
  4 giant cockroaches
  6 goblins
  3 hobgoblins
  A jackal (D:2)
  3 kobolds
  A quokka (D:2)
  4 rats (D:1)
56 creatures vanquished.

Vanquished Creatures (collateral kills)
  A jelly (D:4)
  An orc wizard (D:3)
  A worm (D:2)
  A ball python (D:1)
  2 goblins
  3 jackals (D:2)
  2 frilled lizards (D:1)
  2 kobolds
  A rat (D:3)
14 creatures vanquished.

Grand Total: 70 creatures vanquished

Notes
Turn   | Place    | Note
-------+----------+-------------------------------------------
     0 | D:1      | promet the Octopode Hedge Wizard began the quest for the
                  | Orb.
     0 | D:1      | Reached XP level 1. HP: 11/11 MP: 4/4
   310 | D:1      | Reached XP level 2. HP: 10/17 MP: 3/6
   555 | D:1      | Learned a level 1 spell: Slow
   558 | D:1      | Learned a level 2 spell: Blink
   561 | D:1      | Learned a level 2 spell: Call Imp
  1057 | D:1      | Found Cuigg's Weapon Shoppe.
  1100 | D:1      | Bought 4 poisoned darts for 26 gold pieces
  1442 | D:1      | Reached XP level 3. HP: 18/21 MP: 8/8
  1936 | D:2      | Identified the +2 robe of Valiance {Rampage rC+++ Regen+
                  | Str-3}
  2182 | D:2      | Found Ushremm's Magic Scroll Boutique.
  2671 | D:2      | Bought a scroll of blinking for 82 gold pieces
  3151 | D:3      | Found a blossoming altar of Fedhas.
  3643 | D:3      | Reached XP level 4. HP: 27/27 MP: 6/10
  4373 | D:4      | Noticed a phantom
  4392 | D:4      | Killed a phantom
  4393 | D:4      | Reached skill level 1 in Fighting
  4393 | D:4      | Reached skill level 1 in Short Blades
  4393 | D:4      | Reached XP level 5. HP: 31/33 MP: 6/11
  5404 | D:4      | Reached XP level 6. HP: 21/39 MP: 9/12
  5938 | D:4      | Learned a level 3 spell: Mephitic Cloud
  6482 | D:4      | Demolished by an ogre

Illustrated notes

Levels and vault maps discovered:
D:1:      lightli_arrival_maybe_door_vault, layout_loops_cross, serial_shops,
          shop, grunt_decor_one_mirror
D:2:      layout_basic, serial_shops, shop, serial_rivers,
          chequers_serial_rivers_micro_b, chequers_serial_rivers_large_a,
          chequers_serial_rivers_room_a, chequers_serial_rivers_micro_c,
          chequers_serial_rivers_small_b
D:3:      layout_loops_ring, lemuel_crystal_altar
D:4:      layout_rooms, nicolae_ru_path_of_blood

Skill      XL: |  1  2  3  4  5 |
---------------+----------------+-----
Stealth        | 3 4 |  4.4
Spellcasting   | 4 |  4.7
Fighting       | 1 2 |  2.1
Short Blades   | 1 |  1.6
Summonings     | 2 |  2.6
Ranged Weapons | |  0.1
Dodging        | |  2.3
Conjurations   | |  1.2
Translocations | |  1.0

Action                     |  1- 3 |  4- 6 || total
---------------------------+-------+-------++-------
  Melee: Dagger            |    21 |    25 ||    46
         Constrict         |    11 |    14 ||    25
         Tentacles         |    13 |    11 ||    24
         Short sword       |    28 |    37 ||    65
         Punch             |       |     1 ||     1
         Executioner's axe |       |     5 ||     5
   Fire: Sling             |       |    12 ||    12
  Throw: Dart              |       |     4 ||     4
   Cast: Magic Dart        |    35 |     7 ||    42
         Call Imp          |    13 |    17 ||    30
         Slow              |       |     1 ||     1
         Blink             |       |     1 ||     1
    Use: Scroll            |     3 |     3 ||     6
         Potion            |       |     1 ||     1
   Stab: Sleeping          |     3 |     3 ||     6
         Distracted        |       |     1 ||     1
 Armour: Skin              |     1 |     4 ||     5
  Dodge: Dodged            |    34 |    48 ||    82

Table legend: (Time is in decaauts)
 A = Elapsed time spent in this place.
 B = Non-inter-level travel time spent in this place.
 C = Inter-level travel time spent in this place.
 D = Time resting spent in this place.
 E = Time spent auto-exploring this place.
 F = Levels seen in this place.
 G = Mean time per level.
                   A        B        C        D        E       F      G
               +--------+--------+--------+--------+--------+-----+--------+
         Total |   6486 |   6166 |    320 |   3047 |   1458 |   4 | 1621.5 |
       Dungeon |   6486 |   6166 |    320 |   3047 |   1458 |   4 | 1621.5 |
               +--------+--------+--------+--------+--------+-----+--------+

Top non-repeatable levels by time:
     D:3: 2073 daAuts
     D:1: 1931 daAuts
     D:4: 1241 daAuts
     D:2: 1240 daAuts
